 Dungeon Crawl Stone Soup version 0.26-a0-1181-gd376ed14c5 (webtiles) character file.

Game seed: 12335415674531838953

616 Inarius the Frost Mage (level 7, 0/48 HPs)
             Began as a Barachi Ice Elementalist on Dec 26, 2020.
             Was an Initiate of Vehumet.
             Shot with an arrow by a centaur (5 damage)
             ... on level 5 of the Dungeon.
             The game lasted 00:09:17 (4817 turns).

Inarius the Frost Mage (Barachi Ice Elementalist)   Turns: 4817, Time: 00:09:18

Health: 0/48       AC:  4    Str:  9    XL:     7   Next: 45%
Magic:  12/12      EV: 12    Int: 17    God:    Vehumet [......]
Gold:   290        SH:  0    Dex: 13    Spells: 2/13 levels left

rFire    + . .     SeeInvis .   f - +1 dagger
rCold    . . .     Faith    .   (no shield)
rNeg     . . .     Spirit   .   i - +0 leather armour
rPois    .         Reflect  .   (no helmet)
rElec    .         Harm     .   (no cloak)
rCorr    .         Rampage  .   l - +0 pair of gloves (curse)
Will     .....                  (no boots)
Stlth    ++........             (no amulet)
HPRegen  0.16/turn              h - ring of protection from fire
MPRegen  0.13/turn              n - ring of wizardry

@: slow
A: +LOS, swims, slowness 1, strong legs 1
a: Hop, Renounce Religion


You were on level 5 of the Dungeon.
You worshipped Vehumet.
Vehumet was noncommittal.
You visited 2 branches of the dungeon, and saw 6 of its levels.

You collected 290 gold pieces.

Inventory:

Hand Weapons
 f - a +1 dagger (weapon)
Armour
 a - a +0 robe
 i - a +0 leather armour (worn)
 l - a cursed +0 pair of gloves (worn)
Jewellery
 h - a ring of protection from fire (left hand)
 n - a ring of wizardry (right hand)
 u - an uncursed ring of willpower {unknown}
Wands
 r - a wand of iceblast (12)
Scrolls
 b - 5 scrolls of enchant weapon
 d - 2 scrolls of blinking
 m - a scroll of immolation {unknown}
 o - a scroll of teleportation
 q - 2 scrolls of remove curse
 s - a scroll of enchant armour {unknown}
 t - a scroll of fog {unknown}
Potions
 c - a potion of invisibility
 e - a potion of haste {unknown}
 g - 2 potions of magic
 j - 3 potions of curing
 k - 2 potions of brilliance
 p - a potion of cancellation {unknown}


   Skills:
 + Level 1.0 Fighting
 + Level 1.2 Short Blades
 + Level 2.3 Armour
 + Level 2.5 Dodging
 - Level 1.8 Stealth
 + Level 3.9 Spellcasting
 * Level 2.4 Conjurations
 * Level 8.1 Ice Magic
 * Level 1.6 Evocations


You had 2 spell levels left.
You knew the following spells:

 Your Spells              Type           Power        Failure   Level
a - Freeze                Ice            100%         1%          1
b - Frozen Ramparts       Ice            62%          1%          3
c - Hailstorm             Conj/Ice       21%          10%         4
d - Ozocubu's Armour      Ice            31%          1%          3

Your spell library contained the following spells:

 Spells                   Type           Power        Failure   Level
 Summon Ice Beast         Ice/Summ       17%          16%         4


Dungeon Overview and Level Annotations

Branches:
Dungeon (5/15)             Temple (1/1) D:4

Altars:
Ashenzari
Cheibriados
Elyvilon
Fedhas
Gozag
Kikubaaqudgha
Makhleb
Nemelex Xobeh
Qazlal
Ru
Uskayaw
Vehumet
Xom
Yredelemnul
Zin
The Shining One


Innate Abilities, Weirdness & Mutations

You can be seen from farther away. (+LOS)
You can swim through water.
You cover ground slowly.
You can hop short distances.


Message History

Magic restored.
q - 2 scrolls of remove curse (gained 1)
A centaur comes into view.
The centaur shouts!
The centaur wields a +1 shortbow of freezing.
It is covered in frost.
The centaur shoots an arrow.
The arrow hits you. The arrow freezes you.
You see here an arrow.
A centaur is nearby!
A centaur is nearby!
The centaur shoots an arrow.
The arrow hits you! The arrow freezes you.
The centaur shoots an arrow.
The arrow barely misses you.
You see here 2 arrows.
The centaur shoots an arrow.
The arrow hits you! The arrow freezes you.
You see here an arrow.
The centaur shoots an arrow.
The arrow barely misses you.
The centaur shoots an arrow.
The arrow hits you!
* * * LOW HITPOINT WARNING * * *
The arrow freezes you.
You die...

.. #...####### .
#.####.........#.#
#...........†...###
<.....^.....†.....#
#...............#.#
...###.....####.#...
## #................
#.......###.##...
#...@...# #
##.....## ##...##
##(## #(# #.# #(#
#.# c..


You could see a centaur.

Vanquished Creatures
  Menkaure (D:4)
  An ogre (D:5)
  A bullfrog skeleton (D:5)
  4 orc wizards (D:3)
  A centaur skeleton (D:4)
  3 worker ants
  4 gnolls (D:2)
  5 adders
  An ooze (D:1)
  An adder skeleton (D:5)
  2 worms (D:3)
  2 dart slugs (D:1)
  5 leopard geckos
  4 orcs (D:3)
  2 ball pythons (D:3)
  5 bats
  A giant cockroach (D:2)
  7 goblins
  11 hobgoblins
  A quokka (D:4)
  6 frilled lizards
  12 kobolds
  5 rats
85 creatures vanquished.

Notes
Turn   | Place    | Note
-------+----------+-------------------------------------------
     0 | D:1      | Inarius the Barachi Ice Elementalist began the quest for
                  | the Orb.
     0 | D:1      | Reached XP level 1. HP: 13/13 MP: 3/3
   123 | D:1      | Reached skill level 5 in Ice Magic
   269 | D:1      | Reached XP level 2. HP: 19/19 MP: 3/5
   710 | D:1      | Reached XP level 3. HP: 24/24 MP: 3/6
   714 | D:1      | Learned a level 3 spell: Frozen Ramparts
  1319 | D:2      | Reached skill level 6 in Ice Magic
  1321 | D:2      | Reached XP level 4. HP: 8/30 MP: 1/7
  1589 | D:2      | Learned a level 4 spell: Hailstorm
  1936 | D:2      | Found a hide-covered altar of Uskayaw.
  2030 | D:2      | Found a white marble altar of Elyvilon.
  2040 | D:2      | Found a sacrificial altar of Ru.
  2223 | D:3      | Reached XP level 5. HP: 23/35 MP: 3/9
  2358 | D:3      | Reached skill level 7 in Ice Magic
  2363 | D:3      | Reached skill level 1 in Armour
  2368 | D:3      | Reached skill level 1 in Conjurations
  2374 | D:3      | Reached XP level 6. HP: 36/41 MP: 1/10
  2614 | D:3      | Found a faded altar of an unknown god.
  2923 | D:3      | Learned a level 3 spell: Ozocubu's Armour
  3063 | D:4      | Found a staircase to the Ecumenical Temple.
  3084 | Temple   | Entered the Ecumenical Temple
  3281 | Temple   | Became a worshipper of Vehumet
  3867 | D:4      | Noticed Menkaure
  4160 | D:4      | Killed Menkaure
  4161 | D:4      | Reached skill level 1 in Evocations
  4161 | D:4      | Reached XP level 7. HP: 22/47 MP: 6/12
  4388 | D:5      | Entered Level 5 of the Dungeon
  4422 | D:5      | Reached skill level 1 in Short Blades
  4569 | D:5      | Reached skill level 1 in Fighting
  4569 | D:5      | Reached skill level 8 in Ice Magic
  4817 | D:5      | Shot with an arrow by a centaur

Illustrated notes

Levels and vault maps discovered:
D:1:      minmay_arrival_widening_spiral_wide, layout_basic
D:2:      layout_rooms, lemuel_round_altar, nicolae_overflow_hidden_temple,
          general_overflow_altar, nicolae_ru_awakened_eye
D:3:      layout_rooms, chequers_ecumenical_altar_simple,
          kennysheep_generic_room_15
D:4:      layout_loops_ring, minmay_temple_entry_slanted,
          minmay_misc_feat_encased, uniq_menkaure
D:5:      layout_loops_cross, kennysheep_mini_moat
Temple:   regret_index_temple_generic_petals

Skill      XL: |  1  2  3  4  5  6  7 |
---------------+----------------------+-----
Ice Magic      | 5 6 7 8 |  8.1
Spellcasting   | 3 |  3.9
Armour         | 1 2 |  2.3
Conjurations   | 1 2 |  2.4
Evocations     | 1 |  1.6
Short Blades   | 1 |  1.2
Fighting       | 1 |  1.0
Dodging        | |  2.5
Stealth        | |  1.8

Action                   |  1- 3 |  4- 6 |  7- 9 || total
-------------------------+-------+-------+-------++-------
Melee: Unarmed           |     3 |       |       ||     3
       Dagger            |     5 |    64 |    34 ||   103
 Cast: Freeze            |    33 |    41 |     8 ||    82
       Frozen Ramparts   |     1 |     7 |     3 ||    11
       Ozocubu's Armour  |       |     2 |     2 ||     4
Evoke: Wand              |       |     1 |       ||     1
  Use: Scroll            |       |     6 |       ||     6
       Potion            |       |     2 |       ||     2
 Stab: Sleeping          |       |     2 |       ||     2
Armor: Robe              |     5 |       |       ||     5
       Leather armour    |     1 |    17 |    13 ||    31
Dodge: Dodged            |    19 |    71 |    24 ||   114

Table legend: (Time is in decaauts)
 A = Elapsed time spent in this place.
 B = Non-inter-level travel time spent in this place.
 C = Inter-level travel time spent in this place.
 D = Time resting spent in this place.
 E = Time spent auto-exploring this place.
 F = Levels seen in this place.
 G = Mean time per level.
                   A        B        C        D        E       F      G
               +--------+--------+--------+--------+--------+-----+--------+
         Total |   5322 |   5055 |    267 |   1112 |   3305 |   6 |  887.0 |
       Dungeon |   5040 |   4824 |    216 |   1112 |   3077 |   5 | 1008.0 |
        Temple |    281 |    230 |     51 |      0 |    227 |   1 |  281.0 |
               +--------+--------+--------+--------+--------+-----+--------+

Top non-repeatable levels by time:
     D:1: 1681 daAuts
     D:4: 1228 daAuts
     D:3: 959 daAuts
     D:2: 729 daAuts
     D:5: 442 daAuts
  Temple: 281 daAuts
